 Dungeon Crawl Stone Soup version 0.18-a0-845-gc59c8fa (webtiles) character file.

21 Proton the Insei (level 2, -9/16 HPs)
             Began as a Vine Stalker Monk on Dec 20, 2015.
             Was a Believer of Cheibriados.
             Mangled by Terence
             ... wielding a +0 trident
              (10 damage)
             ... on level 2 of the Dungeon.
             The game lasted 00:02:13 (506 turns).

Proton the Insei (Vine Stalker Monk)                 Turns: 506, Time: 00:02:13

Health: -9/16      AC:  2    Str: 18    XL:     2   Next: 83%
Magic:  0/3        EV: 14    Int: 15    God:    Cheibriados [**....]
Gold:   36         SH:  0    Dex: 21    Spells: 0 memorised, 1 level left

rFire  . . .     SeeInvis .       - Unarmed
rCold  . . .     Gourm    .     a - +0 robe
rNeg   . . .     Faith    .     (no shield)
rPois  .         Spirit   +     (no helmet)
rElec  .         Dismiss  .     (no cloak)
rCorr  .         Reflect  .     (no gloves)
SustAt .         Harm     .     (no boots)
MR     .....                    (no amulet)
Stlth  ++........               (no ring)
                                (no ring)

@: lethally poisoned (-9 -> -9), very slow, not resistant to hostile
enchantments, unstealthy
A: fangs 2, regeneration 1, magic shield, antimagic bite, no device heal 3, rot
immunity
a: Bend Time, Renounce Religion


You were on level 2 of the Dungeon.
You worshipped Cheibriados.
Cheibriados was pleased with you.
You were not hungry.

You visited 1 branch of the dungeon, and saw 2 of its levels.

You collected 36 gold pieces.

Inventory:

Armour
 a - a +0 robe (worn)
Jewellery
 i - an uncursed ring of positive energy {unknown}
Scrolls
 d - 2 scrolls of remove curse {unknown}
 e - 2 scrolls of recharging {unknown}
 f - a scroll of amnesia {unknown}
Potions
 c - 2 potions of magic {unknown}
 h - 2 potions of curing {unknown}
Comestibles
 b - 2 bread rations
 g - a slice of pizza
 j - a meat ration


   Skills:
 + Level 2.9 Fighting
 + Level 0.4 Armour
 + Level 2.6 Dodging
 - Level 2.4 Stealth
 * Level 4.2 Unarmed Combat
 + Level 0.4 Invocations


You had one spell level left.
You didn't know any spells.

Dungeon Overview and Level Annotations

Branches:
Dungeon (2/15)

Altars:
Cheibriados

Annotations:
D:2 Terence


Innate Abilities, Weirdness & Mutations

You have extremely sharp teeth.
Your natural rate of healing is unusually fast.
When hurt, damage is shared between your health and your magic reserves.
Your bite disrupts and absorbs the magic of your enemies.
Potions and wands cannot restore your health.
You are immune to rotting.


Message History

The adder misses you. The giant cockroach barely misses you.
Terence barely misses you. The hobgoblin barely misses you.
The adder misses you.
You hit Terence but do no damage.
Terence is almost dead.
The giant cockroach bites you but does no damage.
The adder bites you.
* * * LOW HITPOINT WARNING * * *
You are lethally poisoned!
The adder poisons you! Terence barely misses you.
You hit Terence.
Terence is almost dead.
* * * LOW HITPOINT WARNING * * *
You feel sick. The adder barely misses you. The hobgoblin closely misses you.
The giant cockroach closely misses you.
You hit Terence but do no damage. Your bite misses Terence.
Terence is almost dead.
The adder completely misses you. Terence hits you with a trident!
Ouch! That really hurt!
You die...

#########
#.......#
#.......#
#######.).....#
......s........
.....gS@......#
......g@#######
.......S#
)..r.....
........#
###....$#
#.....# #.....#


You could see Terence, 2 adders, a giant cockroach, 2 hobgoblins and a rat.

Vanquished Creatures
  2 giant geckos (D:1)
  2 giant cockroaches (D:1)
  2 goblins
  3 hobgoblins (D:1)
  4 bats (D:1)
  3 kobolds (D:1)
  2 rats (D:1)
18 creatures vanquished.

Notes
Turn   | Place    | Note
--------------------------------------------------------------
     0 | D:1      | Proton the Vine Stalker Monk began the quest for the Orb.
     0 | D:1      | Reached XP level 1. HP: 11/11 MP: 2/2
    19 | D:1      | Found a snail-covered altar of Cheibriados.
    30 | D:1      | Became a worshipper of Cheibriados the Contemplative
    30 | D:1      | Reached * piety under Cheibriados
    30 | D:1      | Reached ** piety under Cheibriados
   163 | D:1      | Reached XP level 2. HP: 16/16 MP: 3/3
   489 | D:2      | Noticed Terence
   506 | D:2      | Mangled by Terence

Vault maps used:
D:1:      roderic_octagonal_star, solitary_fountain, supply_closet_lemuel,
          corner_web_ring, cheibriados_altar_1
D:2:      gammafunk_temple_overflow_forgotten, minmay_misc_feat_roman,
          nicolae_gozag_cash_rules_everything_around_me, uniq_terence

Action                   || total
-------------------------++-------
Melee: Unarmed           ||    67
Invok: Bend Time         ||     1
 Stab: Sleeping          ||     3
       Distracted        ||     1
